 Dungeon Crawl Stone Soup version 0.16-a0-4127-g24fbb24 (webtiles) character file.

3694 dysrexia the Cleaver (level 9, -1/88 HPs)
             Began as a Deep Dwarf Fighter on Mar 2, 2015.
             Was an Elder of Makhleb.
             Slain by an orc warrior
             ... wielding a +0 trident
              (13 damage)
             ... on level 9 of the Dungeon.
             The game lasted 00:35:35 (6199 turns).

dysrexia the Cleaver (Deep Dwarf Fighter)           Turns: 6199, Time: 00:35:35

Health: -1/88      AC: 11    Str: 22    XL:     9   Next: 90%
Magic:  7/7        EV:  5    Int: 10    God:    Makhleb [****..]
Gold:   389        SH:  9    Dex: 12    Spells: 0 memorised, 8 levels left

rFire  . . .     SeeInvis +     L - +2 war axe
rCold  . . .     Clarity  .     l - +0 chain mail
rNeg   + . .     SustAb   .     c - +0 shield
rPois  .         Gourm    .     o - +1 helmet
rElec  .         Spirit   .     (no cloak)
rCorr  .         Warding  .     (no gloves)
rMut   .         Stasis   .     (no boots)
MR     +....                    (no amulet)
Stlth  ..........               y - ring of see invisible
                                w - ring of positive energy

@: non-regenerating, somewhat resistant to hostile enchantments, extremely
unstealthy
A: damage resistance, recharge devices, sense surroundings 2, slow healing 3
a: Device Recharging, Minor Destruction, Lesser Servant of Makhleb, Major
Destruction, Renounce Religion


You were on level 9 of the Dungeon.
You worshipped Makhleb.
Makhleb was greatly pleased with you.
You were not hungry.

You visited 1 branch of the dungeon, and saw 9 of its levels.

You collected 389 gold pieces.

Inventory:

Hand weapons
 H - a +0 trident
 L - a +2 war axe (weapon)
Missiles
 D - 12 poisoned needles
 E - 12 stones (quivered)
Armour
 b - a +0 scale mail
 c - a +0 shield (worn)
 l - a +0 chain mail (worn)
 o - a +1 helmet (worn)
 G - a +0 fire dragon armour
Jewellery
 n - an uncursed ring of invisibility
 r - an uncursed ring of magical power
 s - an uncursed amulet of regeneration
 v - an uncursed ring of flight
 w - a ring of positive energy (left hand)
 x - a +3 ring of dexterity
 y - a ring of see invisible (right hand)
 I - an uncursed ring of teleportation
Magical devices
 d - a wand of heal wounds (3)
 z - a wand of slowing (17)
 J - a wand of fire (5)
 M - a wand of enslavement (10)
Scrolls
 h - 4 scrolls of immolation
 i - 4 scrolls of remove curse
 k - 3 scrolls of identify
 t - 2 scrolls of teleportation
 K - a scroll of amnesia
 P - a scroll of enchant weapon
Potions
 a - a potion of degeneration {unknown}
 e - a potion of flight
 q - 2 potions of curing
 u - a potion of might
 A - 2 potions of heal wounds
 C - 2 potions of agility
 F - a potion of lignification
 O - a potion of restore abilities {unknown}
Books
 B - a book of the Dragon

   Spells                             Type                      Level
   a - Flight                         Charms/Air                   3
   b - Cause Fear                     Hexes                        4
   c - Bolt of Fire                   Conjuration/Fire             6
   d - Dragon Form                    Transmutation                7
   e - Dragon's Call                  Summoning                    9
Comestibles
 f - 5 bread rations
 g - 5 beef jerkies
 j - 8 fruits
 m - 4 meat rations
 p - 3 slices of pizza
 N - 3 chunks of flesh


   Skills:
 + Level 8.2 Fighting
 - Level 12.4 Axes
 - Level 3.3 Armour
 - Level 3.2 Shields


You had 8 spell levels left.
You didn't know any spells.

Dungeon Overview and Level Annotations

Branches:
Dungeon (9/15)             Temple (0/1) D:5
   Lair: D:8-11         Orc: D:9-12

Altars:
Dithmenos
Fedhas
Gozag
Makhleb
Okawaru
Sif Muna
Trog
The Shining One

Annotations:
D:5 Prince Ribbit


Innate Abilities, Weirdness & Mutations

You are resistant to damage.
You can recharge devices by infusing magical energy.
You passively map the area around you.
You do not heal naturally.


Message History

You slice the black bear!!
You kill the black bear!
Makhleb accepts your kill.
You feel a little better.
Items here: ) [ †† a flail; a robe; a scorpion corpse; a troll corpse
There is an open door here.
Found a wand of enslavement.
Found a scroll labeled THIK NURRAC.
The orc warrior hits you with a trident!
* * * LOW HITPOINT WARNING * * *
You hit the orc warrior.
The orc warrior is lightly wounded.
You hit the orc warrior.
The orc warrior is moderately wounded.
The orc warrior barely misses you.
You completely miss the orc warrior.
The orc warrior is moderately wounded.
The orc warrior hits you with a trident!
You die...

,, #..# #... #8#§§§§ * ,
*###..####..# ######.
...)......§.# #§# #§
,.............# #§# #§
..............####.####. ,
............%.......... * .
............†..........
.....##..o.##############
#..?..#..@o.o...'.########
*
*#........##...###...)..)..
*
.........###....#[.##..##.
*####...###.....#..##..# .
, , ,#... #...#####..##..#
, * ,, #.#. ...#. * #.. ..#
* , , #/## ...###. *###.
##. *+*# ...* . * *. , , ,
* ,. * *


You could see an orc warrior, an orc wizard (invisible) and an orc.

Vanquished Creatures
  A troll (D:9)
  Grinder (D:3)
  3 phantoms
  2 black bears
  An ice beast (D:8)
  An orc warrior (D:6)
  An ogre (D:4)
  8 centaurs
  Sigmund (D:3)
  Blork the orc (D:7)
  2 water moccasin zombies (D:9)
  3 giant frogs
  2 scorpions
  9 killer bees
  4 wights
  2 crimson imps
  A quasit (D:7)
  A centaur zombie (D:6)
  A giant frog zombie (D:8)
  3 hounds
  4 orc priests
  A jelly (D:6)
  3 orc wizards
  2 iguanas
  5 worker ants
  Ijyb (D:3)
  A hound skeleton (D:6)
  Robin (D:3)
  6 gnolls
  9 adders
  A giant mite (D:4)
  2 shadow imps (D:6)
  6 worms
  6 giant geckos
  An ooze (D:6)
  23 orcs
  A bat skeleton (D:7)
  3 giant cockroaches
  11 goblins
  10 hobgoblins
  4 jackals (D:6)
  2 quokkas (D:6)
  10 bats
  A giant cockroach zombie (D:6)
  A giant gecko zombie (D:9)
  8 giant newts
  15 kobolds
  9 rats
195 creatures vanquished.

Vanquished Creatures (others)
  An ogre (D:9)
  An orc (D:9)
2 creatures vanquished.

Grand Total: 197 creatures vanquished

Notes
Turn   | Place    | Note
--------------------------------------------------------------
     0 | D:1      | dysrexia, the Deep Dwarf Fighter, began the quest for the Orb.
     0 | D:1      | Reached XP level 1. HP: 20/20 MP: 1/1
   443 | D:1      | Reached XP level 2. HP: 21/27 MP: 2/2
   886 | D:2      | Reached XP level 3. HP: 14/33 MP: 3/3
   977 | D:2      | Reached skill level 4 in Axes
  1067 | D:2      | Found a blossoming altar of Fedhas.
  1371 | D:2      | Reached XP level 4. HP: 7/40 MP: 4/4
  1601 | D:3      | Reached skill level 5 in Axes
  1664 | D:3      | Noticed Ijyb
  1672 | D:3      | Killed Ijyb
  1687 | D:3      | Reached XP level 5. HP: 16/46 MP: 5/5
  1764 | D:3      | Noticed Grinder
  1789 | D:3      | Killed Grinder
  1789 | D:3      | Reached skill level 7 in Axes
  1789 | D:3      | Reached XP level 6. HP: 19/55 MP: 6/6
  1827 | D:3      | Noticed Sigmund
  1834 | D:3      | Killed Sigmund
  1840 | D:3      | Noticed Robin
  1859 | D:3      | Killed Robin
  2183 | D:3      | Reached skill level 8 in Axes
  2411 | D:4      | Found a burning altar of Makhleb.
  2417 | D:4      | Became a worshipper of Makhleb the Destroyer
  2436 | D:4      | Found a glowing golden altar of the Shining One.
  2437 | D:4      | Found a bloodstained altar of Trog.
  2439 | D:4      | Found an iron altar of Okawaru.
  2444 | D:4      | Found a deep blue altar of Sif Muna.
  2445 | D:4      | Found an opulent altar of Gozag.
  2447 | D:4      | Found a shadowy altar of Dithmenos.
  2529 | D:4      | Reached XP level 7. HP: 35/61 MP: 7/7
  2678 | D:5      | Entered Level 5 of the Dungeon
  2678 | D:5      | Noticed Prince Ribbit
  2942 | D:4      | Reached skill level 9 in Axes
  3274 | D:5      | Found a staircase to the Ecumenical Temple.
  3326 | D:5      | Reached skill level 10 in Axes
  3568 | D:6      | Acquired Makhleb's first power
  3631 | D:6      | Reached XP level 8. HP: 45/68 MP: 7/7
  3715 | D:6      | Acquired Makhleb's second power
  3757 | D:6      | Reached skill level 11 in Axes
  4368 | D:7      | Noticed Blork the orc
  4383 | D:7      | Killed Blork the orc
  4383 | D:7      | Reached skill level 12 in Axes
  4804 | D:7      | Gained mutation: You passively map the area around you. [level up]
  4804 | D:7      | Reached XP level 9. HP: 40/76 MP: 8/8
  5130 | D:7      | Acquired Makhleb's third power
  5393 | D:8      | Reached skill level 5 in Fighting
  5497 | D:8      | Found a glowing golden altar of the Shining One.
  6150 | D:9      | HP: 3/86 [troll (6)]
  6162 | D:9      | Acquired Makhleb's fourth power
  6199 | D:9      | Slain by an orc warrior

Action                   |  1- 3 |  4- 6 |  7- 9 || total
-------------------------+-------+-------+-------++-------
Melee: War axe           |   121 |   133 |   532 ||   786
 Abil: Device Recharging |       |       |     2 ||     2
Evoke: Wand              |       |     3 |    12 ||    15
  Use: Scroll            |       |     4 |    15 ||    19
       Potion            |       |     1 |     1 ||     2
  Eat: Chunk             |     1 |     5 |     7 ||    13
       Royal jelly       |       |       |     2 ||     2
       Fruit             |       |       |     1 ||     1
